 Dungeon Crawl Stone Soup version 0.28.0-53-g5a82cb258f (webtiles) character file.

Game seed: 12993622946329632038

4484 Stomo the Basher (level 10, 0/102 HPs)
             Began as a Troll Fighter on July 9, 2022.
             Was an Initiate of Wu Jian.
             Slain by a killer bee (6 damage)
             ... on level 8 of the Dungeon.
             The game lasted 00:10:45 (6369 turns).

Stomo the Basher (Troll Fighter)                    Turns: 6369, Time: 00:10:46

Health: 0/102      AC:  6    Str: 30    XL:     10   Next: 16%
Magic:  9/9        EV: 11    Int:  4    God:    Wu Jian [......]
Gold:   445        SH:  0    Dex:  9    Spells: 9/9 levels left

rFire   . . .      SeeInvis .   h - +0 giant spiked club (freeze)
rCold   . . .      Faith    .   (shield currently unavailable)
rNeg    . . .      Spirit   .   b - +2 robe
rPois   .          Reflect  .   (helmet restricted)
rElec   .          Harm     .   (no cloak)
rCorr   .          Rampage  .   (gloves unavailable)
Will    .....                   (boots unavailable)
Stlth   +.........              e - amulet of regeneration
HPRegen 1.87/turn               (no ring)
MPRegen 0.11/turn               (no ring)

@: lethally poisoned (0 -> -1)
A: large, unfitting armour, claws 3, regeneration 1, shaggy fur 1, tough skin 1
a: Renounce Religion


You were on level 8 of the Dungeon.
You worshipped Wu Jian.
Wu Jian was noncommittal.
You visited 2 branches of the dungeon, and saw 9 of its levels.

You collected 445 gold pieces.

Inventory:

Hand Weapons
 a - a +0 flail of electrocution
 h - a +0 giant spiked club of freezing (weapon)
 l - a +1 whip of freezing
Armour
 b - a +2 robe (worn)
 c - a +0 kite shield
Jewellery
 e - an amulet of regeneration (around neck)
 i - an amulet of regeneration
 q - an amulet of guardian spirit
 s - an amulet of magic regeneration
Wands
 y - a wand of iceblast (7) (quivered)
 A - a wand of flame (18)
Scrolls
 g - 2 scrolls of silence
 m - a scroll of blinking
 n - a scroll of fog
 o - 6 scrolls of identify
 u - 3 scrolls of magic mapping
 v - a scroll of teleportation
 w - a scroll of enchant armour
Potions
 d - 3 potions of might
 f - 2 potions of curing
 j - a potion of haste {unknown}
 k - a potion of brilliance {unknown}
 p - 2 potions of attraction {unknown}
 r - a potion of lignification {unknown}
 t - 2 potions of invisibility {unknown}
 x - 2 potions of ambrosia {unknown}
 z - 3 potions of heal wounds


   Skills:
 + Level 7.6 Fighting
 + Level 8.1 Maces & Flails
 + Level 7.6 Dodging
 - Level 2.4 Shields


You had 9 spell levels left.
You didn't know any spells.
Your spell library contained the following spells:

 Spells                   Type           Power      Damage    Failure   Level
 Corpse Rot               Necr/Air       0%         N/A       65%         2
 Poisonous Vapours        Pois/Air       0%         N/A       65%         2
 Gell's Gravitas          Tloc           0%         N/A       86%         3
 Lesser Beckoning         Tloc           0%         N/A       86%         3
 Teleport Other           Tloc           0%         N/A       86%         3
 Tukima's Dance           Hex            0%         N/A       86%         3
 Anguish                  Hex/Necr       0%         N/A       99%         4
 Fulminant Prism          Conj/Hex       0%         3d6       99%         4
 Iskenderun's Mystic Bla  Conj/Tloc      0%         2d3       99%         4
 Lee's Rapid Deconstruct  Erth           0%         3d5*      100%        5
 Enfeeble                 Hex            0%         N/A       100%        7


Dungeon Overview and Level Annotations

Branches:
Dungeon (8/15)             Temple (1/1) D:7            Lair (0/6) D:8

Altars:
Ashenzari
Cheibriados
Elyvilon
Gozag
Nemelex Xobeh
Okawaru
Ru
Trog
Vehumet
Wu Jian
Yredelemnul
Zin
The Shining One

Shops:
D:3 [


Innate Abilities, Weirdness & Mutations

You are too large for most types of armour.
You have claws for hands.
Your natural rate of healing is unusually fast.
You are covered in fur. (AC +1)
You have tough skin. (AC +1)


Message History

You miss the killer bee.
You feel sick. The killer bee stings you. The killer bee completely misses you.
The killer bee closely misses you.
You closely miss the killer bee.
You feel sick.
You are no longer poisoned.
The killer bee stings you!
You are poisoned.
The killer bee poisons you! The killer bee stings you.
* * * LOW HITPOINT WARNING * * *
You miss the killer bee.
You feel very sick. The killer bee stings you.
* * * LOW HITPOINT WARNING * * *
The killer bee stings you but does no damage.
The killer bee stings you.
* * * LOW HITPOINT WARNING * * *
You are more poisoned.
The killer bee poisons you!
You feel very sick. The killer bee stings you!
* * * LOW HITPOINT WARNING * * *
You miss the killer bee.
You feel very sick. The killer bee misses you. The killer bee stings you.
* * * LOW HITPOINT WARNING * * *
You are more poisoned.
The killer bee poisons you! The killer bee misses you.
Unknown command.
You closely miss the killer bee.
You feel very sick.
The killer bee stings you but does no damage.
The killer bee barely misses you.
The killer bee stings you but does no damage.
Unknown command.
Okay, then.
You miss the killer bee.
You feel very sick. The killer bee stings you.
* * * LOW HITPOINT WARNING * * *
The killer bee stings you.
You die...

.........# .........#
........## ........#
#......# . #......#
...#...††.#
...'...y..#
####....@.# .. ..
#......########.. .
#................#+###
#................#...#
#................#...#
#................#...#
#................#...#
#.......)).......#...'
#.......)........#####


You could see a killer bee.

Vanquished Creatures
  Pikel (D:7)
  A yak (D:7)
  3 hogs
  A human (D:7)
  An ice beast (D:5)
  2 water moccasins (D:5)
  3 orc warriors
  2 hornet zombies
  3 black bears
  3 centaurs
  An ogre (D:4)
  2 phantoms
  A lemure (D:8)
  2 kobold brigands
  A bullfrog (D:7)
  3 scorpions
  A wyvern zombie (D:8)
  A water moccasin zombie (D:6)
  2 water moccasin skeletons
  2 killer bees (D:8)
  3 wights (D:7)
  4 hounds
  An orc priest (D:7)
  4 centaur skeletons
  2 bullfrog skeletons
  Natasha (thrice) (D:4)
  An iguana (D:6)
  7 orc wizards
  A killer bee zombie (D:7)
  A howler monkey zombie (D:7)
  9 adders
  4 gnolls
  A howler monkey skeleton (D:6)
  4 white imps
  2 ufetubi (D:5)
  2 worms
  4 dart slugs
  22 orcs
  6 bats
  8 endoplasms
  2 giant cockroaches (D:1)
  8 goblins
  4 hobgoblins
  4 jackals
  4 quokkas
  3 ball pythons
  6 frilled lizards
  15 kobolds
  9 rats
  A toadstool (D:1)
181 creatures vanquished.

Vanquished Creatures (collateral kills)
  An orc warrior (D:8)
1 creature vanquished.

Vanquished Creatures (others)
  An orc wizard (D:5)
  3 toadstools (D:1)
4 creatures vanquished.

Grand Total: 186 creatures vanquished

Notes
Turn   | Place    | Note
-------+----------+-------------------------------------------
     0 | D:1      | Stomo the Troll Fighter began the quest for the Orb.
     0 | D:1      | Reached XP level 1. HP: 22/22 MP: 0/0
    62 | D:1      | Reached skill level 2 in Maces & Flails
    64 | D:1      | Reached XP level 2. HP: 29/29 MP: 1/1
   275 | D:1      | Found a faded altar of an unknown god.
   564 | D:2      | Reached XP level 3. HP: 34/36 MP: 2/2
   848 | D:2      | Reached XP level 4. HP: 30/45 MP: 3/3
  1364 | D:3      | Found Qeuninn's Antique Armour Shop.
  1463 | D:3      | Reached skill level 3 in Maces & Flails
  1573 | D:3      | Reached XP level 5. HP: 43/53 MP: 4/4
  2151 | D:4      | Noticed Natasha
  2157 | D:4      | Killed Natasha
  2158 | D:4      | Reached XP level 6. HP: 62/62 MP: 5/5
  2166 | D:4      | Noticed Natasha
  2180 | D:4      | Killed Natasha
  2200 | D:4      | Noticed Natasha
  2206 | D:4      | Killed Natasha
  2252 | D:4      | Found a sparkling altar of Nemelex Xobeh.
  2252 | D:4      | Found an opulent altar of Gozag.
  2530 | D:5      | Entered Level 5 of the Dungeon
  2650 | D:5      | Reached skill level 4 in Maces & Flails
  2671 | D:5      | Reached XP level 7. HP: 52/70 MP: 6/6
  2810 | D:5      | Reached skill level 5 in Fighting
  2810 | D:5      | Reached skill level 5 in Maces & Flails
  2810 | D:5      | Reached skill level 5 in Dodging
  2853 | D:5      | Reached XP level 8. HP: 80/80 MP: 7/7
  3259 | D:5      | Found a glowing golden altar of the Shining One.
  3306 | D:5      | Reached skill level 6 in Maces & Flails
  4274 | D:6      | Reached XP level 9. HP: 72/89 MP: 8/8
  4733 | D:7      | Reached skill level 7 in Maces & Flails
  5051 | D:7      | Found a sacrificial altar of Ru.
  5203 | D:7      | Found a staircase to the Ecumenical Temple.
  5277 | Temple   | Entered the Ecumenical Temple
  5322 | Temple   | Became a worshipper of the Wu Jian Council
  5765 | D:8      | Found a staircase to the Lair.
  6036 | D:8      | Noticed Pikel
  6085 | D:7      | Killed Pikel
  6086 | D:7      | Reached skill level 8 in Maces & Flails
  6086 | D:7      | Reached XP level 10. HP: 89/102 MP: 9/9
  6314 | D:8      | Found an iron altar of Okawaru.
  6314 | D:8      | Found a bloodstained altar of Trog.
  6369 | D:8      | Slain by a killer bee

Illustrated notes

Levels and vault maps discovered:
D:1:      ldierk_water_garden, layout_basic, chequers_ecumenical_altar_island
D:2:      layout_loops_ring
D:3:      layout_rooms, serial_shops, shop, minivault_11, st_stairs_13
D:4:      layout_cave_pools, grunt_temple_overflow_opulence,
          minmay_misc_feat_five, uniq_natasha
D:5:      minmay_inner_zag, layout_rooms, nicolae_tso_swordbearing_angel,
          minmay_a_box_with_orc_wizards_in_it
D:6:      minmay_general_purpose_star, layout_basic, kennysheep_dice
D:7:      layout_basic, nicolae_ru_awakened_eye, minmay_temple_entry_fiery,
          grunt_ministairs_2, grunt_livestock
D:8:      minmay_evil_eye, layout_gridville, grunt_temple_overflow_bloody_war,
          lair_entry_dummy, uniq_pikel
Temple:   regret_index_temple_waves

Skill      XL: |  1  2  3  4  5  6  7  8  9 |
---------------+----------------------------+-----
Maces & Flails | 2 3 4 5 6 8 |  8.1
Fighting       | 3 4 5 6 7 |  7.6
Dodging        | 3 4 5 6 7 |  7.6
Shields        | |  2.4

Action                   |  1- 3 |  4- 6 |  7- 9 | 10-12 || total
-------------------------+-------+-------+-------+-------++-------
Melee: Flail             |   117 |   165 |   103 |       ||   385
       Giant spiked club |       |       |   325 |    43 ||   368
Invok: Lunge             |       |       |     3 |     4 ||     7
  Use: Scroll            |     5 |     2 |    12 |       ||    19
       Potion            |       |       |     2 |       ||     2
Armor: Robe              |    62 |    48 |   214 |    22 ||   346
Dodge: Dodged            |    56 |    83 |   367 |    43 ||   549
Block: Kite shield       |    50 |    66 |    64 |       ||   180
